 Dungeon Crawl Stone Soup version 0.21.1-1-g345015fe64 (webtiles) character file.

249 Jynx the Changer (level 5, 0/40 HPs)
             Began as a Draconian Transmuter on July 8, 2018.
             Slain by a quokka (2 damage)
             ... on level 3 of the Dungeon.
             The game lasted 00:08:54 (2695 turns).

Jynx the Changer (Draconian Transmuter)             Turns: 2695, Time: 00:08:54

Health: 0/40       AC:  5    Str: 12    XL:     5   Next: 86%
Magic:  1/10       EV: 12    Int: 15    God:
Gold:   156        SH:  6    Dex: 11    Spells: 5/11 levels left

rFire    . . .     SeeInvis +     - Unarmed
rCold    . . .     Gourm    .   (no shield)
rNeg     . . .     Faith    .   (armour unavailable)
rPois    .         Spirit   .   (helmet restricted)
rElec    .         Reflect  +   (no cloak)
rCorr    .         Harm     .   (no gloves)
MR       .....                  (no boots)
Stlth    +.........             l - +6 amulet of reflection
HPRegen  0.13/turn              j - ring of see invisible
MPRegen  0.12/turn              (no ring)

@: no status effects
A: unfitting armour, cold-blooded, AC +5
a: no special abilities


You were on level 3 of the Dungeon.
You were not hungry.

You visited 1 branch of the dungeon, and saw 3 of its levels.

You collected 156 gold pieces.

Inventory:

Missiles
 a - 17 arrows
Jewellery
 j - a ring of see invisible (left hand)
 l - a +6 amulet of reflection (around neck)
 m - an uncursed ring of fire
Scrolls
 d - a scroll of fear
 o - a scroll of enchant weapon {unknown}
 q - a scroll of blinking
Potions
 e - a potion of brilliance {unknown}
 f - a potion of agility {unknown}
 g - 2 potions of curing
 h - a potion of flight {unknown}
 i - a potion of berserk rage {unknown}
 k - 4 potions of resistance
 p - a potion of heal wounds {unknown}
 r - a potion of haste {unknown}
Books
 b - a book of Changes

   Spells                             Type                      Level
   a - Beastly Appendage              Transmutation                1
   b - Sticks to Snakes               Transmutation                2
   c - Spider Form                    Transmutation/Poison         3
   d - Ice Form                       Ice/Transmutation            4
   e - Blade Hands                    Transmutation                5
Comestibles
 c - 7 rations


   Skills:
 + Level 1.2 Fighting
 - Level 1.7 Dodging
 + Level 3.0 Unarmed Combat
 - Level 3.5 Spellcasting
 + Level 5.2 Transmutations


You had 5 spell levels left.
You knew the following spells:

 Your Spells              Type           Power        Failure   Level  Hunger
a - Beastly Appendage     Tmut           ###...       2%          1    None
b - Spider Form           Tmut/Pois      ##........   19%         3    ###....
c - Sticks to Snakes      Tmut           ###.....     3%          2    ##.....


Dungeon Overview and Level Annotations

Branches:
Dungeon (3/15)

Altars:
Xom

Annotations:
D:3 Dyme's ghost, amateur DgSk


Innate Abilities, Weirdness & Mutations

Your plain brown scales are hard. (AC +5)
You cannot fit into any form of body armour.
You are cold-blooded and may be slowed by cold attacks.


Message History

Your ball python barely misses Dyme's ghost.
Your talons disappear.
Dyme's ghost hits your adder. Dyme's ghost burns your adder.
Your adder barely misses Dyme's ghost.
Your ball python completely misses Dyme's ghost.
Dyme's ghost closely misses your adder.
Your adder completely misses Dyme's ghost.
Your ball python bites Dyme's ghost but does no damage.
Your adder barely misses Dyme's ghost.
Dyme's ghost hits your adder! Dyme's ghost burns your adder.
Your adder dies!
Your ball python bites Dyme's ghost.
You closely miss the quokka.
Your ball python bites Dyme's ghost but does no damage.
Dyme's ghost hits your ball python. Dyme's ghost burns your ball python.
Your ball python dies!
The quokka bites you.
* * * LOW HITPOINT WARNING * * *
The quokka bites you.
You die...

#.####.#.#.## #.#
#...#... ...# #^#
###.#..####.####.#
#.#..#.........#
#.#..#)##.######
#[.........#
###...)....#
#.....W#.#
#......#@#######
###....#r.......
#......#######
##...#.# #
#...#รท#######.#
.######...#.##....>..
.............).(..#
.............WS...#
......(..........=#


You could see a quokka.

Vanquished Creatures
  Sigmund (D:2)
  An adder (D:2)
  An ooze (D:2)
  A worm (D:2)
  3 dart slugs
  4 leopard geckos
  An orc (D:3)
  2 ball pythons
  5 giant cockroaches
  11 goblins
  5 hobgoblins
  4 kobolds
  13 bats
  4 frilled lizards (D:1)
  8 rats
64 creatures vanquished.

Vanquished Creatures (collateral kills)
  A hobgoblin (D:3)
1 creature vanquished.

Grand Total: 65 creatures vanquished

Notes
Turn   | Place    | Note
-------+----------+-------------------------------------------
     0 | D:1      | Jynx the Draconian Transmuter began the quest for the Orb.
     0 | D:1      | Reached XP level 1. HP: 16/16 MP: 3/3
   201 | D:1      | Reached XP level 2. HP: 18/23 MP: 3/5
   611 | D:1      | Reached skill level 3 in Transmutations
   657 | D:1      | Found a shimmering altar of Xom.
   681 | D:1      | Reached XP level 3. HP: 28/28 MP: 6/6
   686 | D:1      | Learned a level 3 spell: Spider Form
  1392 | D:2      | Reached XP level 4. HP: 35/35 MP: 6/8
  1455 | D:2      | Noticed Sigmund
  1470 | D:2      | Killed Sigmund
  1470 | D:2      | Reached skill level 5 in Transmutations
  1470 | D:2      | Reached XP level 5. HP: 40/40 MP: 6/10
  1504 | D:2      | Learned a level 2 spell: Sticks to Snakes
  1968 | D:3      | Noticed Dyme's ghost (amateur DgSk)
  2693 | D:3      | HP: 2/40 [quokka (4)]
  2695 | D:3      | Slain by a quokka

Skill      XL: |  1  2  3  4 |
---------------+-------------+-----
Transmutations | 3 5 |  5.2
Spellcasting   | 3 |  3.5
Fighting       | |  1.2
Dodging        | |  1.7
Unarmed Combat | |  3.0

Action                   |  1- 3 |  4- 6 || total
-------------------------+-------+-------++-------
Melee: Unarmed           |   143 |    97 ||   240
       Tailslap          |    17 |     9 ||    26
       Kick              |     6 |    16 ||    22
       Headbutt          |     6 |     1 ||     7
       Punch             |     2 |       ||     2
 Cast: Beastly Appendage |    25 |    12 ||    37
       Spider Form       |       |     1 ||     1
       Sticks to Snakes  |       |    14 ||    14
  Use: Scroll            |     6 |     3 ||     9
 Stab: Distracted        |       |     1 ||     1
  Eat: Chunk             |     2 |     2 ||     4
       Ration            |       |     1 ||     1
Armor: Skin              |    62 |    16 ||    78
Dodge: Dodged            |   120 |    43 ||   163
Block: Other             |    25 |    27 ||    52
       Reflection        |       |     3 ||     3
